TOP OF THE 1ST |
Phoenix Hotspur Youth batting - Pitching for Myrtle Beach Mermen : RHP Plinio Pedrulho
|
Pitching: RHP Plinio Pedrulho
|
|
Batting: LHB Arthur Ryan
|
0-0: Called Strike 0-1: Foul Ball, location: 2F 0-2: Strikes out swinging
|
Batting: RHB António Padilla
|
0-0: DOUBLE (Groundball, 5L)
|
Batting: RHB Dan Perkins
|
0-0: Called Strike 0-1: Ball 1-1: Swinging Strike 1-2: Ball 2-2: Ball 3-2: Foul Ball, location: 2F 3-2: Strikes out swinging
|
Batting: RHB Jesús Mejía
|
0-0: Ball 1-0: Foul Ball, location: 2F 1-1: Called Strike 1-2: Ball 2-2: Foul Ball, location: 2F 2-2: Ball 3-2: Strikes out swinging
|
Top of the 1st over - 0 run(s), 1 hit(s), 0 error(s), 1 left on base; Phoenix Hotspur 0 - Myrtle Beach 0 |
BOTTOM OF THE 1ST |
Myrtle Beach Mermen batting - Pitching for Phoenix Hotspur Youth : LHP Yusuke Chikafuji
|
Pitching: LHP Yusuke Chikafuji
|
|
Batting: RHB Matt Love
|
0-0: Ground out 6-3 (Groundball, 6)
|
Batting: SHB David Vázquez
|
0-0: Ball 1-0: Called Strike 1-1: Ground out 1-3 (Groundball, 15S)
|
Batting: RHB Álex Rodríguez
|
0-0: Swinging Strike 0-1: Ball 1-1: Called Strike 1-2: Strikes out swinging
|
Bottom of the 1st over - 0 run(s), 0 hit(s), 0 error(s), 0 left on base; Phoenix Hotspur 0 - Myrtle Beach 0 |
TOP OF THE 2ND |
Phoenix Hotspur Youth batting - Pitching for Myrtle Beach Mermen : RHP Plinio Pedrulho
|
Batting: SHB Pedro Gómez
|
0-0: Ball 1-0: Ball 2-0: SOLO HOME RUN (Line Drive, 9LD), Distance : 358 ft
|
Batting: RHB Al Thomas
|
0-0: Ball 1-0: Ball 2-0: Called Strike 2-1: Foul Ball, location: 2F 2-2: Fly out, F4 (Line Drive, 4)
|
Batting: RHB David Rivas
|
0-0: Called Strike 0-1: Swinging Strike 0-2: Foul Ball, location: 2F 0-2: Fly out, F2 (Popup, 2LF)
|
Batting: RHB Satoshi Terada
|
0-0: Foul Ball, location: 2F 0-1: Ball 1-1: Ball 2-1: Ball 3-1: Ground out 6-3 (Groundball, 56)
|
Top of the 2nd over - 1 run(s), 1 hit(s), 0 error(s), 0 left on base; Phoenix Hotspur 1 - Myrtle Beach 0 |
BOTTOM OF THE 2ND |
Myrtle Beach Mermen batting - Pitching for Phoenix Hotspur Youth : LHP Yusuke Chikafuji
|
Batting: RHB Alfredo López
|
0-0: Called Strike 0-1: Swinging Strike 0-2: Ball 1-2: Strikes out swinging
|
Batting: LHB Joe Cashmore
|
0-0: Swinging Strike 0-1: Swinging Strike 0-2: Ball 1-2: Ball 2-2: Strikes out swinging
|
Batting: RHB Javier Robles
|
0-0: Foul Ball, location: 2F 0-1: Ground out 6-3 (Groundball, 6)
|
Bottom of the 2nd over - 0 run(s), 0 hit(s), 0 error(s), 0 left on base; Phoenix Hotspur 1 - Myrtle Beach 0 |
TOP OF THE 3RD |
Phoenix Hotspur Youth batting - Pitching for Myrtle Beach Mermen : RHP Plinio Pedrulho
|
Batting: RHB Jesús Álvarez
|
0-0: Ball 1-0: Foul Ball, location: 2F 1-1: Swinging Strike 1-2: Ball 2-2: Foul Ball, location: 2F 2-2: SINGLE (Groundball, 4M)
|
Batting: LHB Arthur Ryan
|
0-0: Swinging Strike 0-1: Ball 1-1: Foul Ball, location: 2F 1-2: Ball 2-2: Strikes out swinging
|
Batting: RHB António Padilla
|
0-0: Ball 1-0: Swinging Strike 1-1: Called Strike Throwing error on steal attempt, E2 Jesús Álvarez to third 1-2: Ball 2-2: SINGLE (Groundball, 6MD) Jesús Álvarez scores
|
Batting: RHB Dan Perkins
|
0-0: Ball 1-0: Swinging Strike 1-1: Foul Ball, location: 2F 1-2: Foul Ball, location: 2F 1-2: Strikes out swinging
|
Batting: RHB Jesús Mejía
|
0-0: Called Strike 0-1: Ball 1-1: Swinging Strike 1-2: Foul Ball, location: 2F 1-2: SINGLE (Flyball, 6MD) António Padilla to second
|
Batting: SHB Pedro Gómez
|
0-0: Ball 1-0: Ball 2-0: Fly out, F4 (Popup, 3F)
|
Top of the 3rd over - 1 run(s), 3 hit(s), 1 error(s), 2 left on base; Phoenix Hotspur 2 - Myrtle Beach 0 |
BOTTOM OF THE 3RD |
Myrtle Beach Mermen batting - Pitching for Phoenix Hotspur Youth : LHP Yusuke Chikafuji
|
Batting: RHB António Ruíz
|
0-0: Ball 1-0: Ground out 1-3 (Groundball, 15)
|
Batting: LHB Arturo Acevedo
|
0-0: Ball 1-0: Ball 2-0: Foul Ball, location: 2F 2-1: Swinging Strike 2-2: Ball 3-2: Base on Balls
|
Batting: RHB Ryan Carr
|
0-0: Foul Ball, location: 2F 0-1: Called Strike 0-2: Foul Ball, location: 2F 0-2: SINGLE (Groundball, 5D) Arturo Acevedo to second
|
Batting: RHB Matt Love
|
0-0: Called Strike 0-1: Ball 1-1: Ball 2-1: Called Strike 2-2: Ball 3-2: Fly out, F8 (Flyball, 8RM)
|
Batting: SHB David Vázquez
|
0-0: Ground out 1-3 (Groundball, 13S)
|
Bottom of the 3rd over - 0 run(s), 1 hit(s), 0 error(s), 2 left on base; Phoenix Hotspur 2 - Myrtle Beach 0 |
TOP OF THE 4TH |
Phoenix Hotspur Youth batting - Pitching for Myrtle Beach Mermen : RHP Plinio Pedrulho
|
Batting: RHB Al Thomas
|
0-0: Swinging Strike 0-1: Ball 1-1: Fly out, F9 (Line Drive, 9M)
|
Batting: RHB David Rivas
|
0-0: Ball 1-0: Foul Ball, location: 2F 1-1: Swinging Strike 1-2: Fly out, F9 (Flyball, 9M)
|
Batting: RHB Satoshi Terada
|
0-0: Ball 1-0: Swinging Strike 1-1: Foul Ball, location: 2F 1-2: Foul Ball, location: 2F 1-2: Ball 2-2: SINGLE (Flyball, 9S)
|
Batting: RHB Jesús Álvarez
|
0-0: Ball 1-0: Ball 2-0: Foul Ball, location: 2F 2-1: Ball 3-1: 2-RUN HOME RUN (Flyball, 89XD), Distance : 422 ft
|
Batting: LHB Arthur Ryan
|
0-0: Ball 1-0: Foul Ball, location: 2F 1-1: Swinging Strike 1-2: SOLO HOME RUN (Flyball, 7D), Distance : 376 ft
|
Batting: RHB António Padilla
|
0-0: Called Strike 0-1: SINGLE (Line Drive, 89S)
|
Batting: RHB Dan Perkins
|
0-0: Called Strike 0-1: Called Strike 0-2: Strikes out swinging
|
Top of the 4th over - 3 run(s), 4 hit(s), 0 error(s), 1 left on base; Phoenix Hotspur 5 - Myrtle Beach 0 |
BOTTOM OF THE 4TH |
Myrtle Beach Mermen batting - Pitching for Phoenix Hotspur Youth : LHP Yusuke Chikafuji
|
Batting: RHB Álex Rodríguez
|
0-0: Ball 1-0: Called Strike 1-1: Fly out, F6 (Popup, 6)
|
Batting: RHB Alfredo López
|
0-0: Ball 1-0: Ground out 4-3 (Groundball, 4)
|
Batting: LHB Joe Cashmore
|
0-0: Called Strike 0-1: Ball 1-1: Called Strike 1-2: Ball 2-2: Ground out 6-3 (Groundball, 6)
|
Bottom of the 4th over - 0 run(s), 0 hit(s), 0 error(s), 0 left on base; Phoenix Hotspur 5 - Myrtle Beach 0 |
TOP OF THE 5TH |
Phoenix Hotspur Youth batting - Pitching for Myrtle Beach Mermen : RHP Plinio Pedrulho
|
Batting: RHB Jesús Mejía
|
0-0: Ball 1-0: Fly out, F3 (Line Drive, 3)
|
Batting: SHB Pedro Gómez
|
0-0: Ball 1-0: Ball 2-0: Ball 3-0: Foul Ball, location: 2F 3-1: DOUBLE (Line Drive, 8RM)
|
Batting: RHB Al Thomas
|
0-0: Ball 1-0: SINGLE (Groundball, 4M) Pedro Gómez to third Runner from 3rd tries for Home, SAFE, no throw or cutoff
|
Pitching: RHP Mauro Guzmán
|
|
Batting: RHB David Rivas
|
0-0: Ball 1-0: Ball 2-0: Foul Ball, location: 2F 2-1: Ball 3-1: Ground out 3-1 (Groundball, 34S) Al Thomas to second
|
Batting: RHB Satoshi Terada
|
0-0: Ball 1-0: Foul Ball, location: 2F 1-1: Ball 2-1: Ball 3-1: Foul Ball, location: 2F 3-2: SINGLE (Line Drive, 56D) Al Thomas to third Al Thomas scores
|
Batting: RHB Jesús Álvarez
|
0-0: Ball 1-0: Foul Ball, location: 2F 1-1: Ball 2-1: Ground out 4-3 (Groundball, 4)
|
Top of the 5th over - 2 run(s), 3 hit(s), 0 error(s), 1 left on base; Phoenix Hotspur 7 - Myrtle Beach 0 |
BOTTOM OF THE 5TH |
Myrtle Beach Mermen batting - Pitching for Phoenix Hotspur Youth : LHP Yusuke Chikafuji
|
Batting: RHB Javier Robles
|
0-0: Foul Ball, location: 2F 0-1: Called Strike 0-2: Foul Ball, location: 2F 0-2: Ball 1-2: Ball 2-2: Fly out, F8 (Flyball, 8RM)
|
Batting: RHB António Ruíz
|
0-0: Ball 1-0: Ball 2-0: Ground out 5-3 (Groundball, 5L)
|
Batting: LHB Arturo Acevedo
|
0-0: Called Strike 0-1: Ball 1-1: Ball 2-1: Called Strike 2-2: Foul Ball, location: 2F 2-2: Ball 3-2: Foul Ball, location: 2F 3-2: Foul Ball, location: 2F 3-2: Foul Ball, location: 2F 3-2: Strikes out swinging
|
Bottom of the 5th over - 0 run(s), 0 hit(s), 0 error(s), 0 left on base; Phoenix Hotspur 7 - Myrtle Beach 0 |
TOP OF THE 6TH |
Phoenix Hotspur Youth batting - Pitching for Myrtle Beach Mermen : RHP Mauro Guzmán
|
Batting: LHB Arthur Ryan
|
0-0: Ball 1-0: Foul Ball, location: 2F 1-1: Swinging Strike 1-2: Fly out, F8 (Flyball, 8RXD)
|
Batting: RHB António Padilla
|
0-0: Ball 1-0: Ball 2-0: Foul Ball, location: 2F 2-1: Ball 3-1: Base on Balls
|
Batting: RHB Dan Perkins
|
0-0: Foul Ball, location: 2F 0-1: SINGLE (Groundball, 25) (infield hit) António Padilla to second
|
Batting: RHB Jesús Mejía
|
0-0: Ball 1-0: Foul Ball, location: 2F 1-1: Ball 2-1: Ball 3-1: Base on Balls António Padilla to third Dan Perkins to second
|
Batting: SHB Pedro Gómez
|
0-0: Called Strike 0-1: Ball 1-1: Swinging Strike 1-2: Fly out, F6 (Popup, 6D)
|
Batting: RHB Al Thomas
|
0-0: Fielders Choice at 2nd, U4 (Groundball, 4M)
|
Top of the 6th over - 0 run(s), 1 hit(s), 0 error(s), 3 left on base; Phoenix Hotspur 7 - Myrtle Beach 0 |
BOTTOM OF THE 6TH |
Myrtle Beach Mermen batting - Pitching for Phoenix Hotspur Youth : LHP Yusuke Chikafuji
|
Batting: RHB Ryan Carr
|
0-0: Called Strike 0-1: Swinging Strike 0-2: Ball 1-2: Ball 2-2: Ball 3-2: Strikes out swinging
|
Batting: RHB Matt Love
|
0-0: Called Strike 0-1: Foul Ball, location: 2F 0-2: Strikes out swinging
|
Batting: SHB David Vázquez
|
0-0: Fly out, F9 (Flyball, 9S)
|
Bottom of the 6th over - 0 run(s), 0 hit(s), 0 error(s), 0 left on base; Phoenix Hotspur 7 - Myrtle Beach 0 |
TOP OF THE 7TH |
Phoenix Hotspur Youth batting - Pitching for Myrtle Beach Mermen : RHP Mauro Guzmán
|
Batting: RHB David Rivas
|
0-0: Ball 1-0: Swinging Strike 1-1: Ball 2-1: Ball 3-1: Base on Balls
|
Batting: RHB Satoshi Terada
|
0-0: Bunted foul 0-1: Bunt missed! 0-2: Fly out, F4 (Popup, 34)
|
Batting: RHB Jesús Álvarez
|
0-0: Ball 1-0: Ball 2-0: DOUBLE (Flyball, 78D) David Rivas to third
|
Batting: LHB Arthur Ryan
|
0-0: Ball 1-0: Ball 2-0: Called Strike 2-1: Swinging Strike 2-2: Strikes out swinging
|
Batting: RHB António Padilla
|
0-0: Swinging Strike 0-1: Ball 1-1: Ball 2-1: DOUBLE (Line Drive, 8LD) David Rivas scores Jesús Álvarez scores
|
Pitching: RHP Andrés Ventura
|
|
Batting: RHB Dan Perkins
|
0-0: Ball 1-0: Called Strike 1-1: Swinging Strike 1-2: SINGLE (Groundball, 6D) António Padilla to third Runner from 3rd tries for Home, SAFE, no throw or cutoff
|
Batting: RHB Jesús Mejía
|
0-0: Called Strike 0-1: Foul Ball, location: 2F 0-2: Foul Ball, location: 2F 0-2: Ground out 5-3 (Groundball, 56S)
|
Top of the 7th over - 3 run(s), 3 hit(s), 0 error(s), 1 left on base; Phoenix Hotspur 10 - Myrtle Beach 0 |
BOTTOM OF THE 7TH |
Myrtle Beach Mermen batting - Pitching for Phoenix Hotspur Youth : LHP Yusuke Chikafuji
|
Batting: RHB Álex Rodríguez
|
0-0: Fly out, F9 (Flyball, 9S)
|
Batting: RHB Alfredo López
|
0-0: Called Strike 0-1: Ball 1-1: Ball 2-1: Called Strike 2-2: Foul Ball, location: 2F 2-2: Ground out 6-3 (Groundball, 6M)
|
Batting: LHB Joe Cashmore
|
0-0: Called Strike 0-1: Foul Ball, location: 2F 0-2: Strikes out swinging
|
Bottom of the 7th over - 0 run(s), 0 hit(s), 0 error(s), 0 left on base; Phoenix Hotspur 10 - Myrtle Beach 0 |
TOP OF THE 8TH |
Phoenix Hotspur Youth batting - Pitching for Myrtle Beach Mermen : RHP Andrés Ventura
|
Batting: SHB Pedro Gómez
|
0-0: Ball 1-0: Fly out, F4 (Popup, 4D)
|
Batting: RHB Al Thomas
|
0-0: Ball 1-0: Ground out 1-3 (Groundball, 23)
|
Batting: RHB David Rivas
|
0-0: Ball 1-0: Ball 2-0: SINGLE (Flyball, 8RS)
|
Batting: RHB Satoshi Terada
|
0-0: Ball 1-0: Ball 2-0: Called Strike 2-1: Foul Ball, location: 2F 2-2: Ball 3-2: Foul Ball, location: 2F 3-2: Fly out, F8 (Flyball, 8RM)
|
Top of the 8th over - 0 run(s), 1 hit(s), 0 error(s), 1 left on base; Phoenix Hotspur 10 - Myrtle Beach 0 |
BOTTOM OF THE 8TH |
Myrtle Beach Mermen batting - Pitching for Phoenix Hotspur Youth : LHP Yusuke Chikafuji
|
Batting: RHB Javier Robles
|
0-0: Ball 1-0: Ball 2-0: Ball 3-0: Called Strike 3-1: Base on Balls
|
Batting: RHB António Ruíz
|
0-0: Ball 1-0: Called Strike 1-1: Ball 2-1: Called Strike 2-2: Fly out, F3 (Popup, 3F)
|
Batting: LHB Arturo Acevedo
|
0-0: Ball 1-0: Ball 2-0: Ground out 3-1 (Groundball, 34) Javier Robles to second
|
Pitching: LHP Juan López
|
|
Batting: RHB Ryan Carr
|
0-0: Swinging Strike 0-1: Ball 1-1: Ground out 1-3 (Groundball, 25)
|
Bottom of the 8th over - 0 run(s), 0 hit(s), 0 error(s), 1 left on base; Phoenix Hotspur 10 - Myrtle Beach 0 |
TOP OF THE 9TH |
Phoenix Hotspur Youth batting - Pitching for Myrtle Beach Mermen : RHP Andrés Ventura
|
Batting: RHB Jesús Álvarez
|
0-0: Ball 1-0: Ball 2-0: Ground out 6-3 (Groundball, 56D)
|
Batting: LHB Arthur Ryan
|
0-0: Called Strike 0-1: Called Strike 0-2: Ball 1-2: Ball 2-2: Ball 3-2: Base on Balls
|
Batting: RHB António Padilla
|
0-0: Ball 1-0: Called Strike Arthur Ryan steals 2nd base 1-1: Swinging Strike 1-2: Strikes out swinging
|
Batting: RHB Dan Perkins
|
0-0: Ball 1-0: Called Strike 1-1: Foul Ball, location: 2F 1-2: Fly out, F7 (Flyball, 7M)
|
Top of the 9th over - 0 run(s), 0 hit(s), 0 error(s), 1 left on base; Phoenix Hotspur 10 - Myrtle Beach 0 |
BOTTOM OF THE 9TH |
Myrtle Beach Mermen batting - Pitching for Phoenix Hotspur Youth : LHP Juan López
|
Batting: RHB Matt Love
|
0-0: Ball 1-0: Ball 2-0: Ball 3-0: Called Strike 3-1: Called Strike 3-2: Fly out, F6 (Popup, 6D)
|
Batting: SHB David Vázquez
|
0-0: Called Strike 0-1: Ball 1-1: Ground out 5-3 (Groundball, 56S)
|
Batting: RHB Álex Rodríguez
|
0-0: Called Strike 0-1: SINGLE (Line Drive, 56)
|
Batting: RHB Alfredo López
|
0-0: Called Strike 0-1: Ball 1-1: Foul Ball, location: 2F 1-2: Strikes out looking
|
Bottom of the 9th over - 0 run(s), 1 hit(s), 0 error(s), 1 left on base; Phoenix Hotspur 10 - Myrtle Beach 0 |
|